 Dungeon Crawl Stone Soup version 0.28.0 (webtiles) character file.

Game seed: 15976501823204794082

4048 catcat the Cleaver (level 10, -9/86 HPs)
             Began as a Hill Orc Fighter on July 29, 2022.
             Was a Follower of Qazlal.
             Mangled by a troll (10 damage)
             ... on level 9 of the Dungeon.
             The game lasted 00:25:27 (10367 turns).

catcat the Cleaver (Hill Orc Fighter)              Turns: 10367, Time: 00:25:28

Health: -9/86      AC: 13    Str: 24    XL:     10   Next: 24%
Magic:  14/14      EV:  7    Int:  8    God:    Qazlal [*.....]
Gold:   347        SH:  7    Dex: 16    Spells: 9/9 levels left

rFire   . . .      SeeInvis .   F - +0 broad axe
rCold   . . .      Faith    .   c - +0 buckler
rNeg    . . .      Spirit   .   G - +0 plate armour
rPois   .          Reflect  .   (no helmet)
rElec   .          Harm     .   m - +0 cloak {Will+}
rCorr   .          Rampage  .   (no gloves)
Will    ++...                   (no boots)
Stlth   ..........              i - amulet of the acrobat
HPRegen 0.24/turn               I - +6 ring of dexterity
MPRegen 0.14/turn               v - ring of willpower

@: about to teleport
A: no striking features
a: Renounce Religion


You were on level 9 of the Dungeon.
You worshipped Qazlal.
Qazlal was aware of your devotion.
You visited 2 branches of the dungeon, and saw 10 of its levels.
You also visited: Bailey.

You collected 347 gold pieces.

Inventory:

Hand Weapons
 a - a +1 war axe
 s - a +0 morningstar
 t - a +0 whip of electrocution
 F - a +0 broad axe (weapon)
Missiles
 d - 15 boomerangs (quivered)
 x - a throwing net
Armour
 c - a +0 buckler (worn)
 m - a +0 cloak of willpower (worn)
 B - a +0 chain mail
 G - a +0 plate armour (worn)
Jewellery
 b - a ring of protection from fire
 i - an amulet of the acrobat (around neck)
 k - an amulet of magic regeneration
 u - a ring of positive energy
 v - a ring of willpower (right hand)
 D - a ring of protection from cold
 I - a +6 ring of dexterity (left hand)
 J - a +6 ring of intelligence
Wands
 r - a wand of digging (7)
 w - a wand of polymorph (7)
 A - a wand of iceblast (7)
Scrolls
 g - a scroll of amnesia
 h - 8 scrolls of teleportation
 l - 4 scrolls of enchant weapon
 o - 2 scrolls of immolation
 y - a scroll of magic mapping
 z - a scroll of fear
 H - a scroll of summoning {unknown}
Potions
 e - 5 potions of curing
 f - 3 potions of resistance
 j - a potion of magic
 n - a potion of ambrosia
 p - a potion of heal wounds {unknown}
 q - a potion of lignification {unknown}
 C - 2 potions of mutation {unknown}
 E - 2 potions of invisibility {unknown}


   Skills:
 + Level 7.2 Fighting
 * Level 14.9 Axes
 - Level 6.0 Armour
 - Level 2.0 Dodging
 - Level 4.0 Shields
 - Level 5.4 Invocations


You had 9 spell levels left.
You didn't know any spells.
Your spell library contained the following spells:

 Spells                   Type           Power      Damage    Failure   Level
 Beastly Appendage        Tmut           0%         N/A       100%        1
 Wereblood                Tmut           0%         N/A       100%        2
 Dazzling Flash           Conj/Hex       0%         N/A       100%        3
 Spider Form              Tmut/Pois      0%         N/A       100%        3
 Agony                    Necr           0%         N/A       100%        5
 Silence                  Hex/Air        0%         N/A       100%        5


Dungeon Overview and Level Annotations

Branches:
Dungeon (9/15)             Temple (1/1) D:7          Bailey (visited)
   Lair: D:8-11         Orc: D:9-12

Altars:
Dithmenos
Nemelex Xobeh
Qazlal
Beogh

Shops:
D:2 (   D:3 !

Annotations:
D:3 3 runed translucent doors, mdmota's ghost, amateur DjCK


Message History

You swing at nothing.
You hit the troll.
The troll is lightly wounded.
The troll bites you but does no damage. You block the troll's attack.
The troll claws you!
You hit the troll.
The troll is lightly wounded.
You hit the troll.
The troll is moderately wounded.
The troll bites you. You block the troll's attack.
The troll claws you but does no damage.
You barely miss the troll.
The troll is moderately wounded.
The troll bites you but does no damage. The troll claws you but does no damage.
The troll claws you!
You closely miss the troll.
The troll is lightly wounded.
You block the troll's attack. The troll claws you! The troll claws you.
You barely miss the troll.
The troll is lightly wounded.
The troll bites you but does no damage. The troll claws you.
The troll barely misses you.
You barely miss the troll.
The troll is lightly wounded.
The troll bites you!
* * * LOW HITPOINT WARNING * * *
You block the troll's attack. The troll claws you.
* * * LOW HITPOINT WARNING * * *
Unknown command.
You hit the troll.
The troll is lightly wounded.
The troll bites you!
* * * LOW HITPOINT WARNING * * *
The troll claws you but does no damage. x2
Unknown command.
As you read the scroll of teleportation, it crumbles to dust.
You feel strangely unstable. The troll bites you!
* * * LOW HITPOINT WARNING * * *
The troll claws you!
You die...

.##...#.##.).....###.....
#####...##.#.#######.....
.............#####.....Y
#.###..#..#....##.....#
..# #.......##........###
..###.#...###...(#.#....#
.#...<......##...#..#
.....##.#####☼.....###..
....[.<...##.@T......(..
..............)######..#
.########..)#..###
##..^....# ##......#
##...### ....# .......
......


You could see a troll.

Vanquished Creatures
  A troll (D:8)
  Prince Ribbit (D:7)
  Sigmund (D:2)
  A steam dragon (D:7)
  2 water moccasins (D:6)
  4 orc warriors (Bailey)
  2 black bears
  A sky beast (D:6)
  3 ogres
  A centaur (D:9)
  A phantom (D:4)
  6 bullfrogs
  2 scorpions
  9 killer bees (D:9)
  A bullfrog zombie (D:6)
  A centaur zombie (D:9)
  A gnoll shaman (D:7)
  6 jellies
  4 orc priests
  4 hounds
  Crazy Yiuf (D:2)
  4 iguanas
  8 orc wizards
  8 gnolls
  A howler monkey skeleton (D:7)
  7 adders
  A white imp (D:5)
  2 ufetubi
  An adder skeleton (D:4)
  3 worms
  A dart slug (D:2)
  25 orcs
  5 ball pythons
  5 bats
  14 endoplasms
  3 giant cockroaches
  11 goblins
  9 hobgoblins
  4 jackals (D:5)
  26 kobolds
  3 quokkas
  4 frilled lizards
  4 rats
202 creatures vanquished.

Vanquished Creatures (others)
  4 fungi (D:2)
  5 toadstools (D:2)
9 creatures vanquished.

Grand Total: 211 creatures vanquished

Notes
Turn   | Place    | Note
-------+----------+-------------------------------------------
     0 | D:1      | catcat the Hill Orc Fighter began the quest for the Orb.
     0 | D:1      | Reached XP level 1. HP: 19/19 MP: 1/1
   144 | D:1      | Reached skill level 3 in Axes
   148 | D:1      | You fall into a shaft and drop 1 floor!
   154 | D:2      | Identified the +1 robe "Earthly Heaven" {+Inv Str+2 Stlth+}
   215 | D:2      | Reached XP level 2. HP: 26/27 MP: 2/2
   358 | D:2      | Reached skill level 4 in Axes
   359 | D:2      | Reached XP level 3. HP: 20/33 MP: 3/3
   882 | D:1      | Found a faded altar of an unknown god.
  1150 | D:2      | Found a runed translucent door.
  1151 | D:2      | Noticed Crazy Yiuf
  1158 | D:2      | Killed Crazy Yiuf
  1159 | D:2      | Reached skill level 5 in Axes
  1159 | D:2      | Reached XP level 4. HP: 37/41 MP: 4/4
  1280 | D:2      | Found Paatuqi's Weapon Shop.
  1286 | D:2      | Noticed Sigmund
  1315 | D:2      | Killed Sigmund
  1316 | D:2      | Reached skill level 5 in Fighting
  1316 | D:2      | Reached skill level 7 in Axes
  1316 | D:2      | Reached XP level 5. HP: 12/48 MP: 5/5
  1316 | D:2      | Reached XP level 6. HP: 14/56 MP: 6/6
  2038 | D:3      | Found a runed translucent gate.
  2039 | D:3      | Found a runed translucent gate.
  2040 | D:3      | Found a runed translucent gate.
  2040 | D:3      | Noticed mdmota's ghost (amateur DjCK)
  2046 | D:3      | Identified the +0 spear of Checks and Balances {flame,
                  | rElec rC- Will+ Dex+5}
  2052 | D:3      | Found Ovi Vaod's Distillery.
  2420 | D:3      | Found a roughly hewn altar of Beogh.
  2449 | D:4      | Reached skill level 8 in Axes
  2526 | D:4      | Reached skill level 1 in Dodging
  2600 | D:4      | Reached XP level 7. HP: 55/61 MP: 7/7
  2660 | D:4      | Reached skill level 9 in Axes
  3094 | D:5      | Entered Level 5 of the Dungeon
  3511 | D:5      | Reached skill level 10 in Axes
  3530 | D:5      | Reached XP level 8. HP: 53/68 MP: 8/8
  4439 | D:6      | Reached skill level 11 in Axes
  5103 | D:6      | Reached skill level 12 in Axes
  5446 | D:6      | Reached XP level 9. HP: 55/78 MP: 9/9
  5855 | D:7      | Found a staircase to the Ecumenical Temple.
  5867 | Temple   | Entered the Ecumenical Temple
  5963 | Temple   | Became a worshipper of Qazlal Stormbringer
  6378 | D:7      | Reached skill level 1 in Invocations
  6795 | D:7      | Reached skill level 13 in Axes
  7032 | D:7      | Noticed Prince Ribbit
  7063 | D:7      | Killed Prince Ribbit
  8052 | D:8      | Noticed a troll
  8419 | D:8      | Found a flagged portal.
  8436 | D:8      | Killed a troll
  8437 | D:8      | Reached skill level 5 in Armour
  8505 | Bailey   | Entered a bailey
  8540 | Bailey   | Noticed an orc warlord
  8576 | Bailey   | Reached * piety under Qazlal
  8724 | Bailey   | Reached skill level 14 in Axes
  8973 | Bailey   | Found a runed translucent gate.
  8973 | Bailey   | Found a runed translucent gate.
  8983 | Bailey   | Found a runed translucent gate.
  8999 | Bailey   | Reached XP level 10. HP: 64/86 MP: 13/13
  9298 | D:8      | Found a sparkling altar of Nemelex Xobeh.
  9322 | D:8      | Reached skill level 5 in Invocations
 10367 | D:9      | HP: 1/86 [troll (11)]
 10367 | D:9      | Mangled by a troll

Illustrated notes

Levels and vault maps discovered:
D:1:      roderic_chinese_lattice_arrival, layout_basic,
          shapermc_ecumenical_altar_mp_vishouse, chequers_hall_statues_wall_a
D:2:      cheibrodos_fertilizer, layout_rooms, serial_shops,
          nicolae_shop_bloodbath_and_beyond, minmay_circle_x, uniq_sigmund,
          uniq_crazy_yiuf_cottage
D:3:      layout_loops_ring, serial_shops, shop, biasface_ghost_orc_armoury
D:4:      layout_basic
D:5:      layout_basic
D:6:      layout_rooms, minmay_misc_feat_roman
D:7:      minmay_bubble_buster, layout_layer_cave,
          minmay_temple_entry_proselytizer, skrybe_limestone_x,
          uniq_prince_ribbit1
D:8:      layout_basic, mainiacjoe_overflow_catwalk, enter_bailey_5
D:9:      layout_rooms, hangedman_decor_growths
Temple:   roderic_octagonal_lattice_temple

Skill      XL: |  1  2  3  4  5  6  7  8  9 10 |
---------------+-------------------------------+-----
Axes           | 3 4 5 7 8 10 12 14 | 14.9
Fighting       | 4 5 6 7 |  7.2
Dodging        | 1 2 |  2.0
Shields        | 4 |  4.0
Armour         | 4 5 6 |  6.0
Invocations    | 4 5 |  5.4

Action                   |  1- 3 |  4- 6 |  7- 9 | 10-12 || total
-------------------------+-------+-------+-------+-------++-------
Melee: War axe           |    84 |   116 |   368 |       ||   568
       Broad axe         |       |       |     8 |    64 ||    72
Throw: Boomerang         |       |       |     4 |     2 ||     6
       Throwing net      |       |       |     1 |       ||     1
  Use: Scroll            |     1 |     1 |     8 |     2 ||    12
       Potion            |       |     3 |     3 |       ||     6
 Stab: Distracted        |       |       |     1 |       ||     1
Armor: Scale mail        |    31 |    46 |    55 |       ||   132
       Chain mail        |       |       |    71 |       ||    71
       Plate armour      |       |       |       |    50 ||    50
Dodge: Dodged            |    44 |    55 |   158 |    45 ||   302
Block: Buckler           |    21 |    14 |    68 |    33 ||   136
